General information
- name: BNet
- type: Ladder team game (AT/RT)
- host: Battle.net
- saver: CryRaiN
map: TwistedMeadows
- players: 4
- length: 06:13
- speed: Fast
- version: 1.24 W3XP
- replay type: Public
» download(28 KB)
Players
team 1 (winner)
CryRaiN (
yellow | 68 APM | 423 actions | 06:13)
2 Death Knight
1 Death Coil
1 Unholy Aura
» actions
| Assign group hotkey | 11 | |
| Build / train | 17 | |
| Enter build submenu | 10 | |
| Enter hero's abilities submenu | 2 | |
| Right click | 220 | |
| Select / deselect | 89 | |
| Select group hotkey | 51 | |
| Use ability | 23 | |
423 total
» units
» buildings
| Crypt | 1 | |
| Altar of Darkness | 1 | |
| Ziggurat | 5 | |
| Graveyard | 1 | |
| Halls of the Dead | 2 | |
| Tomb of Relics | 1 | |
11 total
» build order
00:11 Crypt
00:19 Altar of Darkness
00:33 Ziggurat
01:02 Graveyard
01:27 Halls of the Dead
01:27 Halls of the Dead
01:52 Ziggurat
02:26 Tomb of Relics
03:22 Ziggurat
03:26 Ziggurat
03:29 Ziggurat
team 2 (loser)

»
Killer_Instinct (
red | 67 APM | 415 actions | 06:12)
3 Archmage
2 Summon Water Elemental
1 Brilliance Aura
» actions
| Assign group hotkey | 10 | |
| Basic commands | 1 | |
| Build / train | 32 | |
| Enter build submenu | 12 | |
| Enter hero's abilities submenu | 3 | |
| Give item / drop item | 1 | |
| Remove unit from queue | 1 | |
| Right click | 103 | |
| Select / deselect | 135 | |
| Select group hotkey | 83 | |
| Use ability | 34 | |
415 total
» units
| Peasant | 14 | |
| Footman | 4 | |
| Rifleman | 3 | |
21 total
» upgrades
» buildings
| Altar of Kings | 1 | |
| Barracks | 1 | |
| Farm | 6 | |
| Arcane Vault | 1 | |
| Lumber Mill | 1 | |
| Scout Tower | 1 | |
| Keep | 2 | |
| Blacksmith | 1 | |
| Town Hall | 1 | |
15 total
» build order
00:09 Altar of Kings
00:19 Barracks
00:25 Farm
00:57 Farm
01:38 Farm
02:39 Arcane Vault
02:42 Lumber Mill
03:15 Farm
03:17 Scout Tower
04:17 Keep
04:17 Keep
04:51 Blacksmith
05:16 Farm
05:17 Farm
05:25 Town Hall
» items
unnamed_stan (
teal | 126 APM | 783 actions | 06:12)
2 Blademaster
1 Wind Walk
1 Critical Strike
» actions
| Assign group hotkey | 13 | |
| Basic commands | 39 | |
| Build / train | 31 | |
| Enter build submenu | 9 | |
| Enter hero's abilities submenu | 2 | |
| Give item / drop item | 2 | |
| Right click | 260 | |
| Select / deselect | 97 | |
| Select group hotkey | 305 | |
| Use ability | 24 | |
783 total
» units
» upgrades
| Berserker Strength | 1 | |
| Pillage | 1 | |
2 total
» buildings
| Altar of Storms | 1 | |
| Orc Burrow | 3 | |
| Barracks | 1 | |
| Voodoo Lounge | 1 | |
| Stronghold | 1 | |
| War Mill | 1 | |
| Beastiary | 1 | |
| Spirit Lodge | 1 | |
10 total
» build order
00:06 Altar of Storms
00:19 Orc Burrow
00:39 Barracks
01:29 Orc Burrow
01:54 Voodoo Lounge
03:04 Stronghold
04:39 War Mill
04:42 Orc Burrow
05:29 Beastiary
05:36 Spirit Lodge
» items
| Healing Salve | 5 | |
| Scroll of Speed | 1 | |
| Circlet of Nobility | 1 | |
| Boots of Speed | 1 | |
8 total
Chat log
(00:13 / Allies) CryRaiN: ;d
(00:26 / Allies) CryRaiN: WHAT THE FUCK
(00:32 / Allies) KODOS_FORSAKEN: my base is cursed
(00:36 / Allies) KODOS_FORSAKEN: youll have to carry on
(01:04 / All) CryRaiN: GUYS
(01:28 / All) CryRaiN: OMG
(02:30 / All) CryRaiN: ARE U HERE?
(02:44 / All) CryRaiN: its bug?
(03:53 / Allies) CryRaiN: hey
(03:58 / Allies) CryRaiN: WHAT THE FUCK
(03:59 / Allies) KODOS_FORSAKEN: ?
(04:09 / Allies) CryRaiN: what with ur basee?
(06:02 / All) CryRaiN: cya